Map: Deathaura LE

Players

Trap - Winner!

  • Race: Protoss Protoss
  • Spawn Location: 11:00

Reynor

  • Race: Zerg Zerg
  • League: Master
  • Spawn Location: 5:00

Event: DreamHack SC2 Masters 2020 Fall

VOD

Have the link to the VOD?

Description

Time

  • Played on: Sept. 20, 2020, 1:36 p.m.
  • Length: 8:25

All games in this series

Show
View Real Time Build Order
Export as new Build Order

Trap Protoss - Winner!

Build Orders: 1 Gate Expand, Mass Adepts 

Get SALT Encoding   

  12  0:00  Probe  
  13  0:12  Probe  
  14  0:18  Pylon  
  14  0:24  Probe  
  15  0:29  Assimilator  
  15  0:36  Probe (Chrono Boost)  
  16  0:43  Gateway  
  16  0:49  Probe (Chrono Boost)  
  17  0:55  Probe (Chrono Boost)  
  18  1:03  Probe  
  19  1:15  Probe  
  20  1:22  Nexus  
  20  1:32  Cybernetics Core  
  20  1:35  Probe  
  21  1:40  Assimilator  
  21  1:47  Probe  
  21  1:51  Pylon  
  22  1:59  Probe  
  23  2:06  Stalker (Chrono Boost)  
  23  2:08  Warp Gate  
  23  2:11  Probe (Chrono Boost)  
  26  2:20  Twilight Council, Probe (Chrono Boost)  
  27  2:27  Probe (Chrono Boost)  
  27  2:29  Adept  
  30  2:35  Probe (Chrono Boost)  
  31  2:43  Probe (Chrono Boost)  
  31  2:44  Probe (Chrono Boost)  
  33  2:48  Robotics Facility  
  33  2:49  Probe  
  34  2:52  Probe  
  35  3:01  Probe  
  35  3:04  Resonating Glaives (Chrono Boost)  
  35  3:05  Gateway, Probe  
  35  3:12  Adept  
  38  3:14  Probe  
  38  3:18  Probe  
  40  3:28  Gateway  
  40  3:29  Probe  
  40  3:31  Gateway, Probe  
  42  3:36  Warp Prism (Chrono Boost)  
  44  3:47  Pylon  
  44  3:49  Probe, Pylon  
  44  3:50  Probe  
  46  3:58  Shield Battery  
  46  4:07  Adept x2  
  50  4:11  Pylon  
  50  4:13  Probe x2  
  50  4:15  Assimilator, Observer  
  53  4:28  Assimilator  
  53  4:29  Adept x4  
  61  4:31  Pylon  
  61  4:50  Immortal (Chrono Boost)  
  61  4:51  Adept x4  
  73  4:56  Probe x2  
  75  5:02  Pylon  
  71  5:24  Immortal (Chrono Boost)  
  69  5:29  Stalker  
  69  5:30  Sentry x2  
  69  5:33  Sentry  
  77  5:41  Gateway  
  77  5:42  Gateway  
  77  5:45  Gateway, Pylon  
  77  5:48  Gateway  
  77  6:01  Immortal (Chrono Boost)  
  77  6:03  Pylon x2  
  81  6:04  Sentry x2  
  85  6:11  Probe x2  
  85  6:17  Sentry, Adept  
  91  6:25  Pylon  
  91  6:43  Adept x5  
  91  6:44  Adept x3  
  105  7:05  Pylon  
  105  7:06  Adept x5, Pylon  
  93  7:42  Adept x3  
  93  7:43  Adept x5  
  99  7:49  Immortal (Chrono Boost)  
  83  8:10  Adept x8  
Show
View Real Time Build Order
Export as new Build Order

Reynor Zerg 

Build Orders: Hatch First 

Get SALT Encoding   

  12  0:00  Drone  
  13  0:12  Overlord  
  13  0:16  Drone  
  14  0:30  Drone  
  15  0:43  Hatchery  
  15  0:47  Drone  
  15  0:51  Drone  
  15  0:54  Drone  
  17  1:05  Extractor  
  17  1:10  Spawning Pool  
  15  1:14  Drone  
  15  1:17  Drone  
  17  1:20  Drone  
  18  1:31  Drone  
  19  1:41  Drone  
  20  1:52  Overlord  
  20  1:55  Drone  
  20  1:56  Queen  
  20  1:57  Queen  
  25  2:03  Drone  
  25  2:06  Zergling x2  
  27  2:14  Zergling x2  
  28  2:17  Drone  
  29  2:24  Drone  
  30  2:32  Pneumatized Carapace  
  30  2:34  Hatchery  
  29  2:37  Drone x2  
  29  2:41  Drone  
  32  2:47  Overlord  
  32  2:49  Zergling x2  
  33  2:54  Queen  
  33  2:57  Drone  
  36  3:07  Metabolic Boost  
  36  3:08  Drone x2  
  36  3:09  Drone  
  39  3:17  Overlord  
  39  3:18  Drone x3  
  42  3:25  Drone x2  
  44  3:34  Queen, Overlord  
  44  3:36  Drone x2  
  44  3:37  Drone  
  44  3:40  Drone  
  50  3:41  Overlord  
  50  3:46  Zergling x2  
  51  3:53  Roach Warren  
  50  3:57  Drone x2  
  50  3:58  Zergling x6  
  50  4:01  Spine Crawler  
  54  4:03  Queen  
  54  4:08  Zergling x4  
  58  4:11  Queen  
  61  4:17  Zergling x6  
  61  4:21  Overlord  
  63  4:25  Zergling x6  
  66  4:36  Overlord  
  66  4:43  Roach x4  
  74  4:50  Overlord x2  
  74  4:56  Roach x3, Zergling x4  
  82  5:09  Drone x2  
  82  5:10  Drone x3  
  85  5:16  Overlord  
  85  5:18  Roach, Zergling x8  
  89  5:24  Drone x3  
  89  5:25  Drone  
  89  5:26  Drone x4  
  95  5:30  Lair  
  95  5:33  Drone  
  96  5:37  Drone x2  
  96  5:41  Overlord  
  98  5:47  Evolution Chamber, Extractor  
  98  5:48  Drone x4, Extractor  
  98  5:51  Overlord  
  98  5:57  Overlord  
  98  6:00  Drone  
  98  6:02  Drone x2  
  100  6:07  Extractor x2  
  100  6:11  Drone  
  99  6:13  Drone  
  99  6:14  Drone x2, Hatchery  
  99  6:15  Drone x2  
  103  6:20  Extractor  
  103  6:22  Roach  
  103  6:23  Queen  
  106  6:28  Drone  
  106  6:29  Drone x2  
  106  6:30  Drone  
  106  6:32  Roach, Overseer  
  112  6:35  Roach  
  112  6:39  Overlord  
  114  6:42  Overlord  
  114  6:44  Ravager  
  114  6:46  Roach x2, Zergling x2  
  114  6:47  Zergling x4  
  122  6:48  Overlord  
  122  6:54  Evolution Chamber  
  121  6:55  Zergling x2  
  121  6:59  Roach, Zergling x6  
  121  7:00  Zergling x2  
  113  7:01  Zergling x2  
  113  7:04  Roach  
  113  7:05  Queen x2  
  113  7:08  Roach  
  112  7:12  Roach x3  
  112  7:13  Roach x3  
  121  7:15  Roach  
  121  7:16  Roach  
  121  7:22  Roach  
  125  7:24  Roach  
  124  7:35  Zergling x4  
  112  7:39  Zergling x8  
  112  7:41  Evolution Chamber  
  112  7:42  Zergling x4  
  105  7:47  Queen x2, Roach Warren  
  105  7:48  Zergling x4  
  111  7:55  Zergling x2  
  108  8:00  Zergling x2  
  108  8:04  Zergling x2  

Tags
 
Add a new tag
Caveats
  • Supply blocks, unpowered buildings, or Contaminate may cause inaccurate times.
  • Supply counts are checked every 10 seconds.